 Dungeon Crawl Stone Soup version 0.31-a0-538-gbc85326fa9 (webtiles) character file.

Game seed: 6207695886916055392

3021 arthad the Conjurer (level 9, -4/71 HPs)
             Began as a Purple Draconian Conjurer on Aug 13, 2023.
             Shot with an arrow by a centaur warrior (14 damage)
             ... on level 8 of the Dungeon.
             The game lasted 00:18:19 (8200 turns).

arthad the Conjurer (Purple Draconian Conjurer)     Turns: 8200, Time: 00:18:19

Health: -4/71      AC:  8    Str: 10    XL:     9   Next: 55%
Magic:  11/28      EV: 13    Int: 23    God:
Gold:   551        SH:  0    Dex:  9    Spells: 13/21 levels left

rFire   + . .        D - +2 dagger (drain)
rCold   + . .        (no shield)
rNeg    . . .        (body armour unavailable)
rPois   .            (helmet restricted)
rElec   .            e - scarf {rC+ rF+}
rCorr   .            (no gloves)
SInv    .            n - +0 pair of boots
Will    +....        (no amulet)
Stlth   ++           m - ring of magical power
HPRegen 0.31/turn    l - ring of wizardry
MPRegen 0.21/turn

%: wizardry (x1)
@: short of breath
A: breathe power, AC +7, unfitting armour, cold-blooded
a: Breathe Dispelling Energy


You were on level 8 of the Dungeon.
You visited 1 branch of the dungeon, and saw 8 of its levels.

You collected 551 gold pieces.

Inventory:

Hand Weapons
 t - a +1 whip of venom
 A - a +3 short sword
 D - a +2 dagger of draining (weapon)
 F - a +4 antimagic scythe
Missiles
 p - 4 poisoned darts
Armour
 e - a scarf of resistance (worn)
 n - a +0 pair of boots (worn)
 u - a +0 buckler
Magical Staves
 E - a staff of fire
Jewellery
 f - an amulet of guardian spirit
 h - a +4 ring of slaying
 l - a ring of wizardry (right hand)
 m - a ring of magical power (left hand)
 v - a +4 ring of protection
 z - a ring of poison resistance
 B - a +4 ring of protection
 H - a ring of ice
 K - a +6 ring of dexterity
Wands
 G - a wand of mindburst (26)
 I - a wand of light (20)
Scrolls
 b - a scroll of torment {unknown}
 d - 4 scrolls of revelation {unknown}
 i - a scroll of fear {unknown}
 j - 2 scrolls of teleportation
 r - a scroll of noise {unknown}
 s - a scroll of fog {unknown}
 w - a scroll of summoning {unknown}
 y - a scroll of poison {unknown}
 C - a scroll of vulnerability {unknown}
 J - a scroll of identify
 M - a scroll of enchant weapon {unknown}
Potions
 a - 3 potions of ambrosia
 c - a potion of resistance
 g - a potion of invisibility
 k - a potion of brilliance {unknown}
 o - 2 potions of degeneration
 q - a potion of curing {unknown}
 x - 2 potions of heal wounds
 L - a potion of attraction
 N - a potion of might {unknown}


   Skills:
 + Level 4.2 Fighting
 * Level 5.6 Dodging
 + Level 4.5 Stealth
 * Level 6.8 Spellcasting
 * Level 7.1 Conjurations
 + Level 4.0 Hexes
 + Level 3.5 Translocations
 + Level 2.8 Air Magic


You had 13 spell levels left.
You knew the following spells:

 Your Spells              Type           Power      Damage    Failure   Level
a - Magic Dart            Conj           100%       1d8       1%          1
b - Searing Ray           Conj           80%        2d7       1%          2
c - Mephitic Cloud        Conj/Pois/Air  23%        N/A       2%          3
d - Poisonous Vapours     Pois/Air       28%        N/A       2%          2

Your spell library contained the following spells:

 Spells                   Type           Power      Damage    Failure   Level
 Ensorcelled Hibernation  Hex/Ice        34%        N/A       1%          2
 Dazzling Flash           Conj/Hex       66%        N/A       1%          3
 Portal Projectile        Hex/Tloc       50%        N/A       1%          3
 Summon Small Mammal      Summ           28%        N/A       3%          1
 Cigotuvi's Dreadful Rot  Necr/Pois/Air  24%        N/A       3%          2
 Swiftness                Air            21%        N/A       3%          3
 Fulminant Prism          Conj/Hex       16%        3d11      3%          4
 Iskenderun's Mystic Bla  Conj/Tloc      32%        2d8       3%          4
 Passwall                 Tmut/Erth      5%         N/A       4%          2
 Summon Guardian Golem    Hex/Summ       17%        N/A       4%          3
 Call Canine Familiar     Summ           7%         N/A       10%         3
 Leda's Liquefaction      Hex/Erth       8%         N/A       13%         4
 Freezing Cloud           Conj/Ice/Air   11%        6-21      22%         5
 Dispel Undead            Necr           7%         3d8       30%         4
 Death Channel            Necr           3%         N/A       99%         6


Dungeon Overview and Level Annotations

Branches:
Dungeon (8/15)             Temple (0/1) D:7
   Lair: D:8-11

Altars:
Ashenzari
Fedhas
Gozag
Hepliaklqana
Makhleb
Nemelex Xobeh
Okawaru
Qazlal
Yredelemnul
Zin
The Shining One

Shops:
D:6 (


Innate Abilities, Weirdness & Mutations

You can breathe bolts of dispelling energy.
Your rich purple scales are hard. (AC +7)
You cannot fit into any form of body armour.
You are cold-blooded and may be slowed by cold attacks.


Message History

The searing ray hits the centaur warrior.
The centaur warrior is heavily wounded. (Press . to maintain the ray.)
The centaur warrior hits you!
* * * LOW HITPOINT WARNING * * *
The centaur warrior kicks you but does no damage.
The centaur warrior hits you.
* * * LOW HITPOINT WARNING * * *
The centaur warrior kicks you but does no damage.
The searing ray hits the centaur warrior!
The centaur warrior is severely wounded.
The centaur warrior hits you but does no damage.
The centaur warrior kicks you but does no damage.
The searing ray hits the centaur warrior.
The centaur warrior is severely wounded.
A black mamba comes into view.
The centaur warrior hits you.
* * * LOW HITPOINT WARNING * * *
The centaur warrior kicks you but does no damage.
The centaur warrior hits you.
* * * LOW HITPOINT WARNING * * *
The centaur warrior kicks you but does no damage.
Aiming: Breathe Dispelling Energy (4% risk of failure)
Press: ? - help, Shift-Dir - straight line, f - black mamba, p - centaur warrior
Aim: a black mamba (31% to hit)
You breathe a bolt of dispelling energy.
The bolt of dispelling energy hits the centaur warrior!
The centaur warrior is almost dead.
The bolt of dispelling energy hits the black mamba!
The black mamba is moderately wounded.
The centaur warrior misses you.
The centaur warrior completely misses you.
The black mamba attacks as you move away!
The black mamba closely misses you.
The centaur warrior attacks as you move away!
The centaur warrior hits you but does no damage.
The centaur warrior kicks you but does no damage.
The centaur warrior wields a +0 shortbow.
The centaur warrior shoots an arrow.
The arrow hits you!
You die...

##.##
#.........##......#.#
#.#
#.........###...#.#.#
#.#
########.####.#.#.#.#
#.#
..........>......#.#
..#
#####...####.#.###.#
... .......# #.#.....#
.###.### #.##########
#####..#####...........
#.....@.......#########
#.#####.#####.#
#Sc....#.# #...#####.#
#.(## #.# ##.# #.# ##.
..# # .#


You could see a centaur warrior (very poisoned).

Vanquished Creatures
  Sigmund (D:6)
  Grum (D:8)
  A steam dragon (D:6)
  Edmund (D:6)
  An acid dragon (D:8)
  2 ice beasts (D:5)
  A black bear (D:5)
  A sky beast (D:7)
  An ogre (D:6)
  2 phantoms
  4 centaurs
  4 wolves (D:8)
  A scorpion (D:4)
  4 bullfrogs
  3 wights (D:7)
  An orc priest (D:7)
  A gnoll bouda (D:6)
  A hound (D:5)
  3 jellies
  3 sleepcaps (D:6)
  2 iguanas
  5 orc wizards
  4 gnolls (D:6)
  7 adders
  2 ufetubi
  3 worms (D:3)
  3 dart slugs
  31 orcs
  3 bats (D:1)
  An endoplasm (D:1)
  2 giant cockroaches
  4 goblins
  2 hobgoblins
  3 jackals (D:1)
  2 kobolds
  4 quokkas
  4 ball pythons
  2 frilled lizards
  8 rats
129 creatures vanquished.

Notes
Turn   | Place    | Note
-------+----------+-------------------------------------------
     0 | D:1      | arthad the Draconian Conjurer began the quest for the Orb.
     0 | D:1      | Reached XP level 1. HP: 14/14 MP: 3/3
   242 | D:1      | Reached XP level 2. HP: 3/20 MP: 1/5
   540 | D:1      | Learned a level 2 spell: Searing Ray
  1165 | D:2      | Reached XP level 3. HP: 21/26 MP: 0/6
  2259 | D:3      | Found a burning altar of Makhleb.
  2308 | D:3      | Reached XP level 4. HP: 34/34 MP: 7/7
  2811 | D:4      | Reached skill level 1 in Fighting
  2989 | D:4      | Found a sparkling altar of Nemelex Xobeh.
  3099 | D:4      | Reached XP level 5. HP: 40/40 MP: 9/9
  3312 | D:4      | Noticed a phantom
  3327 | D:4      | Killed a phantom
  3328 | D:4      | Reached skill level 1 in Translocations
  3406 | D:4      | Reached skill level 1 in Hexes
  3406 | D:4      | Reached XP level 6. HP: 48/48 MP: 10/10
  3516 | D:4      | Reached skill level 5 in Conjurations
  3807 | D:5      | Entered Level 5 of the Dungeon
  3925 | D:5      | Found a basalt altar of Yredelemnul.
  4097 | D:5      | Noticed an ice beast
  4115 | D:5      | Killed an ice beast
  4116 | D:5      | Your scales start taking on a rich purple colour.
  4116 | D:5      | Reached XP level 7. HP: 46/55 MP: 8/13
  4209 | D:5      | Learned a level 3 spell: Mephitic Cloud
  4212 | D:5      | Learned a level 2 spell: Poisonous Vapours
  4332 | D:5      | Found a hazy altar of Hepliaklqana.
  4344 | D:5      | Found a stormy altar of Qazlal.
  4371 | D:5      | Found a glowing golden altar of the Shining One.
  5049 | D:6      | Noticed a steam dragon
  5058 | D:6      | Killed a steam dragon
  5059 | D:6      | Reached skill level 5 in Spellcasting
  5076 | D:6      | Reached XP level 8. HP: 41/62 MP: 4/15
  5084 | D:6      | Reached skill level 1 in Air Magic
  5256 | D:6      | Found Qurom's Weapon Emporium.
  5304 | D:6      | Noticed Sigmund
  5445 | D:6      | Reached skill level 6 in Conjurations
  5535 | D:6      | Found an opulent altar of Gozag.
  5574 | D:6      | Noticed Edmund
  5603 | D:6      | Killed Edmund
  5935 | D:6      | Killed Sigmund
  5993 | D:6      | Found a blossoming altar of Fedhas.
  6303 | D:7      | Found a staircase to the Ecumenical Temple.
  6663 | D:7      | Reached skill level 5 in Dodging
  6744 | D:7      | Reached XP level 9. HP: 71/71 MP: 18/18
  7269 | D:7      | Found a glowing silver altar of Zin.
  7401 | D:7      | Found an iron altar of Okawaru.
  7646 | D:8      | Noticed Grum
  7828 | D:8      | Reached skill level 7 in Conjurations
  7836 | D:8      | Killed Grum
  8024 | D:8      | Found a broken altar of Ashenzari.
  8179 | D:8      | Noticed a centaur warrior
  8198 | D:8      | Noticed a black mamba
  8200 | D:8      | Shot with an arrow by a centaur warrior

Illustrated notes

Levels and vault maps discovered:
D:1:      ncdulo_wetmaze, layout_basic, serial_corexii_hall,
          corexii_hall_statues_x, chequers_hall_statues_corner_a
D:2:      layout_rooms
D:3:      layout_loops_ring, bloody_makhleb, supply_closet_lemuel
D:4:      layout_loops_cross, nemelex_xobeh_ov_fountains_minmay
D:5:      layout_basic, grunt_temple_overflow_open,
          mainiacjoe_overflow_tiny_flanked, serial_glass, glass_columns_a,
          glass_columns_a
D:6:      layout_basic, mainiacjoe_overflow_catwalk,
          mainiacjoe_overflow_chevrons, serial_shops,
          nicolae_shop_advertising_works [nicolae_subvault_shop_adworks],
          uniq_edmund, uniq_sigmund
D:7:      layout_loops_corners, mainiacjoe_overflow_catch_the_wave,
          minmay_temple_entry_tees
D:8:      minmay_the_grid_plus [minmay_the_grid_diamond_grid,
          minmay_the_grid_odd_star, minmay_the_grid_empty, minmay_the_grid_fan,
          minmay_the_grid_prize_diamond_cup], layout_basic,
          nicolae_overflow_crystal_walls, grunt_decor_arrowhead, uniq_grum

Skill      XL: |  1  2  3  4  5  6  7  8  9 |
---------------+----------------------------+-----
Stealth        | 2 3 4 |  4.5
Dodging        | 2 3 4 5 |  5.6
Fighting       | 1 2 3 4 |  4.2
Spellcasting   | 3 4 5 6 |  6.8
Translocations | 1 2 3 |  3.5
Hexes          | 1 2 3 4 |  4.0
Conjurations   | 5 6 7 |  7.1
Air Magic      | 2 |  2.8

Action                     |  1- 3 |  4- 6 |  7- 9 || total
---------------------------+-------+-------+-------++-------
  Melee: Unarmed           |    33 |       |       ||    33
         Punch             |     2 |       |     1 ||     3
         Tailslap          |     1 |       |       ||     1
         Dagger            |       |       |     7 ||     7
   Cast: Magic Dart        |    85 |    91 |   176 ||   352
         Searing Ray       |     2 |    14 |    40 ||    56
         Poisonous Vapours |       |       |    19 ||    19
         Mephitic Cloud    |       |       |     4 ||     4
Ability: Breathe Dispellin |       |       |     1 ||     1
    Use: Potion            |     2 |       |     1 ||     3
         Scroll            |       |     4 |     2 ||     6
 Armour: Skin              |    19 |    12 |    34 ||    65
  Dodge: Dodged            |    29 |     8 |    83 ||   120

Table legend: (Time is in decaauts)
 A = Elapsed time spent in this place.
 B = Non-inter-level travel time spent in this place.
 C = Inter-level travel time spent in this place.
 D = Time resting spent in this place.
 E = Time spent auto-exploring this place.
 F = Levels seen in this place.
 G = Mean time per level.
                   A        B        C        D        E       F      G
               +--------+--------+--------+--------+--------+-----+--------+
         Total |   8202 |   8061 |    141 |    385 |   6599 |   8 | 1025.2 |
       Dungeon |   8202 |   8061 |    141 |    385 |   6599 |   8 | 1025.2 |
               +--------+--------+--------+--------+--------+-----+--------+

Top non-repeatable levels by time:
     D:7: 1374 daAuts
     D:6: 1355 daAuts
     D:4: 1239 daAuts
     D:1: 1104 daAuts
     D:5: 1088 daAuts
     D:3: 807 daAuts
     D:2: 658 daAuts
     D:8: 572 daAuts
